 Dungeon Crawl Stone Soup version 0.19.1 (webtiles) character file.

196 Lilleppy the Poker (level 5, -1/58 HPs)
             Began as a Merfolk Gladiator on Dec 8, 2016.
             Was an Initiate of Fedhas.
             Slain by a flying skull (2 damage)
             ... created by the anger of Yredelemnul
             ... on level 5 of the Dungeon.
             The game lasted 00:12:42 (3427 turns).

Lilleppy the Poker (Merfolk Gladiator)              Turns: 3427, Time: 00:12:44

Health: -1/58      AC: 13    Str: 21    XL:     5   Next: 74%
Magic:  5/5        EV:  8    Int:  8    God:    Fedhas [......]
Gold:   183        SH:  0    Dex: 14    Spells: 0 memorised, 4 levels left

rFire  . . .     SeeInvis .     t - +2 short sword (flame)
rCold  . . .     Gourm    .     D - +0 plate armour
rNeg   . . .     Faith    .     (no shield)
rPois  .         Spirit   .     c - +0 helmet
rElec  .         Reflect  .     (no cloak)
rCorr  .         Harm     .     F - +0 pair of gloves
MR     .....                    (no boots)
Stlth  ..........               C - amulet of rage
                                (no ring)
                                (no ring)

@: berserking, very quick
A: change form in water, swift swim, stealthy swim
a: Fungal Bloom, Renounce Religion, Evoke Berserk Rage


You were on level 5 of the Dungeon.
You worshipped Fedhas.
Fedhas was noncommittal.
You were hungry.

You visited 2 branches of the dungeon, and saw 6 of its levels.

You collected 183 gold pieces.

Inventory:

Hand Weapons
 a - a +0 trident
 b - a +1 short sword of holy wrath
 t - a +2 short sword of flaming (weapon)
 A - a +0 dagger of speed
Missiles
 d - 3 throwing nets (quivered)
 q - 3 javelins
Armour
 c - a +0 helmet (worn)
 D - a +0 plate armour (worn)
 F - a +0 pair of gloves (worn)
Jewellery
 y - an uncursed amulet of faith
 C - an amulet of rage (around neck)
Wands
 w - a wand of slowing (31/48)
 z - a wand of polymorph (7/24)
Scrolls
 e - a scroll of noise
 h - a scroll of remove curse
 k - 2 scrolls of amnesia {unknown}
 o - 5 scrolls of teleportation {unknown}
 s - a scroll of immolation {unknown}
 u - 2 scrolls of recharging {unknown}
 B - a scroll of enchant weapon {unknown}
 E - a scroll of identify {unknown}
Potions
 i - 2 potions of flight {unknown}
 l - 2 potions of agility {unknown}
 m - a potion of heal wounds {unknown}
 x - a potion of might {unknown}
Books
 r - a book of Maledictions

   Spells                             Type                      Level
   a - Corona                         Hexes                        1
   b - Ensorcelled Hibernation        Hexes/Ice                    2
   c - Confuse                        Hexes                        3
   d - Tukima's Dance                 Hexes                        3
   e - Dazzling Spray                 Conjuration/Hexes            3
Comestibles
 f - a bread ration
 g - 4 meat rations
 n - 2 slices of pizza
 v - 3 beef jerkies


   Skills:
 + Level 2.7 Fighting
 + Level 2.4 Short Blades
 + Level 5.7 Polearms
 + Level 2.2 Throwing
 + Level 1.8 Armour
 + Level 4.9 Dodging
 + Level 0.8 Stealth


You had 4 spell levels left.
You didn't know any spells.

Dungeon Overview and Level Annotations

Branches:
Dungeon (5/15)             Temple (1/1) D:5

Altars:
Dithmenos
Elyvilon
Fedhas
Hepliaklqana
Okawaru
Ru
Trog
Vehumet
Yredelemnul
Zin
The Shining One


Message History

The flying skull hits you but does no damage.
The flying skull hits you!
* * * LOW HITPOINT WARNING * * *
The flying skull hits you but does no damage.
The flying skull closely misses you. The flying skull hits you.
* * * LOW HITPOINT WARNING * * *
The orc wizard hits you but does no damage.
You fail to use your ability.
The flying skull barely misses you. The flying skull hits you.
* * * LOW HITPOINT WARNING * * *
The flying skull barely misses you.
The orc wizard hits you but does no damage.
A red film seems to cover your vision as you go berserk!
You feel yourself moving faster!
You feel mighty!
You are feeling hungry.
The flying skull completely misses you.
The flying skull hits you but does no damage.
The flying skull hits you.
You die...
Fedhas appreciates your contribution to the ecosystem.

#..## ...# ..$. #..#
.... #### ..# ..Z.. #...
#.## ..... #.## #zz#
......
.######oz##.......# #.##
...5ooz@zzZ.............
.########z###### #..#.##
#.## #..#.# #..# #..#.##
##.## #...... #..#
#....## ###.# #....##
#...# #...<.. #...##
#.#.###


You could see 7 flying skulls, an orc wizard, a crimson imp, 2 orcs and an adder
skeleton.

Vanquished Creatures
  Natasha (twice) (D:3)
  A worker ant (D:4)
  3 adders
  A river rat (D:4)
  A worm (D:3)
  2 dart slugs
  6 orcs
  5 giant cockroaches
  5 hobgoblins
  7 jackals
  3 kobolds
  5 quokkas
  7 bats
  5 frilled lizards
  6 goblins
  20 rats
  A spectral orc (D:4)
  3 plants (D:3)
83 creatures vanquished.

Notes
Turn   | Place    | Note
-------+----------+-------------------------------------------
     0 | D:1      | Lilleppy the Merfolk Gladiator began the quest for the Orb.
     0 | D:1      | Reached XP level 1. HP: 16/16 MP: 1/1
    25 | D:1      | Reached XP level 2. HP: 22/22 MP: 2/2
   442 | D:1      | Reached XP level 3. HP: 18/27 MP: 3/3
   921 | D:2      | Reached skill level 5 in Polearms
  1090 | D:2      | Found a white marble altar of Elyvilon.
  1093 | D:2      | Became a worshipper of Elyvilon the Healer
  1422 | D:3      | Reached XP level 4. HP: 27/34 MP: 4/4
  1451 | D:3      | Reached skill level 1 in Armour
  1542 | D:3      | Reached * piety under Elyvilon
  1750 | D:3      | Found a shadowy altar of Dithmenos.
  1751 | D:3      | Noticed Natasha
  1765 | D:3      | Killed Natasha
  1794 | D:3      | Reached skill level 1 in Short Blades
  1922 | D:3      | Reached XP level 5. HP: 39/39 MP: 5/5
  1977 | D:3      | Noticed Natasha
  1981 | D:3      | Killed Natasha
  2243 | D:4      | Reached ** piety under Elyvilon
  2535 | D:4      | Found a basalt altar of Yredelemnul.
  2542 | D:4      | Fell from the grace of Elyvilon
  2542 | D:4      | Became a worshipper of Yredelemnul the Dark
  2656 | D:4      | HP: 1/39 [river rat (7)]
  3001 | D:5      | Entered Level 5 of the Dungeon
  3072 | D:5      | Found a staircase to the Ecumenical Temple.
  3082 | Temple   | Entered the Ecumenical Temple
  3204 | Temple   | Fell from the grace of Yredelemnul
  3204 | Temple   | Became a worshipper of Fedhas Madash
  3420 | D:5      | Noticed a flying skull
  3420 | D:5      | Noticed a flying skull
  3420 | D:5      | Noticed a flying skull
  3420 | D:5      | Noticed a flying skull
  3420 | D:5      | Noticed a flying skull
  3420 | D:5      | Noticed a flying skull
  3420 | D:5      | Noticed a flying skull
  3426 | D:5      | HP: 1/39 [flying skull[the anger of Yredelemnul] (4)]
  3427 | D:5      | Slain by a flying skull

Skill      XL: |  1  2  3  4  5 |
---------------+----------------+-----
Polearms       | 5 |  5.7
Armour         | 1 |  1.8
Short Blades   | 1 2 |  2.4
Fighting       | |  2.7
Throwing       | |  2.2
Dodging        | |  4.9
Stealth        | |  0.8

Action                   |  1- 3 |  4- 6 || total
-------------------------+-------+-------++-------
Melee: Trident           |   141 |    18 ||   159
       Short sword       |       |   227 ||   227
       Tailslap          |       |    35 ||    35
Invok: Fungal Bloom      |       |     1 ||     1
 Abil: Evoke Berserk Rag |       |     1 ||     1
Evoke: Wand              |       |     1 ||     1
  Use: Scroll            |       |     3 ||     3
       Potion            |       |     2 ||     2
  Eat: Bread ration      |       |     2 ||     2
Armor: Leather armour    |    28 |       ||    28
       Chain mail        |    34 |    78 ||   112
       Ring mail         |     3 |       ||     3
       Plate armour      |       |    34 ||    34
Dodge: Dodged            |   119 |    68 ||   187
